 Dungeon Crawl Stone Soup version 0.29.0-4-gdea44cf6ec (webtiles) character file.

Game seed: 9802950372328657842

51 qw the Chopper (level 3, 0/21 HPs)
             Began as a Tengu Warper on Aug 28, 2022.
             Succumbed to an adder's poison
             ... on level 1 of the Dungeon.
             The game lasted 00:00:07 (1436 turns).

qw the Chopper (Tengu Warper)                       Turns: 1436, Time: 00:00:07

Health: 0/21       AC:  3    Str: 13    XL:     3   Next: 81%
Magic:  7/7        EV: 12    Int: 13    God:
Gold:   5          SH:  0    Dex: 13    Spells: 6/6 levels left

rFire   . . .      SeeInvis .   Y - +0 hand axe
rCold   . . .      Faith    .   (no shield)
rNeg    . . .      Spirit   .   b - +0 leather armour
rPois   .          Reflect  .   (helmet restricted)
rElec   .          Harm     .   (no cloak)
rCorr   .          Rampage  .   (no gloves)
Will    .....                   (boots unavailable)
Stlth   +.........              (no amulet)
HPRegen 0.07/turn               (no ring)
MPRegen 0.10/turn               (no ring)

@: lethally poisoned (0 -> -1)
A: beak, talons 3
a: no special abilities


You were on level 1 of the Dungeon.
You visited 1 branch of the dungeon, and saw 2 of its levels.

You collected 5 gold pieces.


Innate Abilities, Weirdness & Mutations

You have a beak for a mouth.
You have claws for feet.


   Skills:
 - Level 2.0 Fighting
 + Level 4.4 Axes
 - Level 1.0 Throwing
 - Level 1.1 Armour
 - Level 2.1 Dodging
 - Level 2.0 Spellcasting
 - Level 2.4 Translocations


You had 6 spell levels left.
You didn't know any spells.
Your spell library contained the following spells:

 Spells                   Type           Power      Damage    Failure   Level
 Blink                    Tloc           14%        N/A       19%         2
 Gell's Gravitas          Tloc           7%         N/A       36%         3
 Lesser Beckoning         Tloc           7%         N/A       36%         3
 Teleport Other           Tloc           7%         N/A       36%         3
 Manifold Assault         Tloc           7%         N/A       98%         5

Inventory:

Hand Weapons
 f - a +0 whip
 Y - a +0 hand axe (weapon)
Armour
 b - a +0 leather armour (worn)
Potions
 e - a potion of curing {unknown}
 i - a potion of haste {unknown}

Dungeon Overview and Level Annotations

Branches:
Dungeon (2/15)

Altars:


Message History

Done exploring.
(D) Dungeon
Where to? (* - list waypoints, Enter - D:2, ? - help)
What level of the Dungeon? (default 1, ? - help)
You climb downwards.
The adder barely misses you. x2
There is a stone staircase leading up here.
An adder is nearby!
You barely miss the adder. The adder bites you.
You are poisoned.
The adder poisons you! The adder barely misses you.
You barely miss the adder.
You feel sick. The adder barely misses you.
You barely miss the adder.
You feel sick. The adder bites you.
You are more poisoned.
The adder poisons you!
You barely miss the adder.
You feel sick. The adder bites you.
You are lethally poisoned!
The adder poisons you! The adder bites you but does no damage.
You hit the adder but do no damage. Your kick misses the adder.
You feel sick. The adder completely misses you.
You barely miss the adder. You claw the adder.
The adder is moderately wounded.
You feel sick. The adder barely misses you. The adder closely misses you.
You barely miss the adder. You peck the adder, but do no damage.
The adder is moderately wounded.
You feel sick. The adder barely misses you.
You hit the adder.
You kill the adder!
You feel sick.
1433 ||| STAIRDANCE You feel sick.
You climb upwards.
You feel sick.
There is a stone staircase leading down here.
There is a lethal amount of poison in your body!
You feel sick.
There is a lethal amount of poison in your body!
You die...

#.#####...##.# #.#
#.........##.###.#
#.#####...#...##.#
#.#####...........
#........##...####
########..........
#....# #..########
#.##.# #..# #....
#@##.###..####....
#.##..............
#.######..####....
#.# #..# #.... #.#
#..# ###.. #.#
#..# ### #.#
####..# # #.#
#.....# # #.#
#%###.##### #


There were no monsters in sight!

Vanquished Creatures
  An adder (D:2)
  A gnoll (D:1)
  2 dart slugs (D:1)
  A ball python (D:1)
  5 bats (D:1)
  2 endoplasms (D:1)
  A giant cockroach (D:1)
  2 goblins (D:1)
  2 hobgoblins (D:1)
  4 kobolds (D:1)
  2 quokkas (D:1)
  2 frilled lizards (D:1)
  4 rats (D:1)
29 creatures vanquished.

Notes
Turn   | Place    | Note
-------+----------+-------------------------------------------
     0 | D:1      | qw the Tengu Warper began the quest for the Orb.
     0 | D:1      | Reached XP level 1. HP: 12/12 MP: 4/4
     0 | D:1      | 0 ||| qw: Version: 0.1-a-89-g26bdef1
     0 | D:1      | 0 ||| qw: Game counter: 2816
     0 | D:1      | 0 ||| qw: Always use a shield: true
     0 | D:1      | 0 ||| qw: God list: Okawaru
     0 | D:1      | 0 ||| qw: Allow faded altars: false
     0 | D:1      | 0 ||| qw: Do Orc after D:15 true
     0 | D:1      | 0 ||| qw: Do second Lair branch before Depths: true
     0 | D:1      | 0 ||| qw: Lair rune preference: random
     0 | D:1      | 0 ||| qw: Plans: Normal
     0 | D:1      | 0 ||| PLANNING D:1-11
    21 | D:1      | 21 ||| Stepping ~*~*~tactically~*~*~ (stealth).
    81 | D:1      | Reached skill level 3 in Axes
    81 | D:1      | Reached XP level 2. HP: 7/17 MP: 6/6
   398 | D:1      | 398 ||| Stepping ~*~*~tactically~*~*~ (stealth).
   689 | D:1      | Reached XP level 3. HP: 21/21 MP: 7/7
   773 | D:1      | Found a faded altar of an unknown god.
  1013 | D:1      | Reached skill level 4 in Axes
  1317 | D:1      | 1317 ||| READING scroll labelled GYQ WEAXZEM.
  1321 | D:1      | 1321 ||| READING scroll labelled YNYRHA HAES.
  1322 | D:1      | 1322 ||| READING scroll labelled QURYFUAVEF.
  1323 | D:1      | 1323 ||| READING scroll labelled UJAECW QECEOBO.
  1324 | D:1      | 1324 ||| DROPPING scroll of blinking.
  1359 | D:2      | 1359 ||| STAIRDANCE
  1419 | D:2      | 1419 ||| STAIRDANCE
  1431 | D:2      | HP: 5/21 [poisoned by an adder]
  1433 | D:2      | 1433 ||| STAIRDANCE
  1434 | D:1      | HP: 2/21 [poisoned by an adder]
  1436 | D:1      | Succumbed to an adder's poison

Levels and vault maps discovered:
D:1:      dpeg_arrival_simpleton_c, layout_loops_ring,
          dreamdust_ecumenical_altar_statues
D:2:      minmay_evil_eye, layout_rooms, kennysheep_potato

Skill      XL: |  1  2  3 |
---------------+----------+-----
Axes           | 3 4 |  4.4
Fighting       | |  2.0
Throwing       | |  1.0
Armour         | |  1.1
Dodging        | |  2.1
Spellcasting   | |  2.0
Translocations | |  2.4

Action                   || total
-------------------------++-------
Melee: Hand axe          ||    68
       Kick              ||    15
       Peck              ||     7
Throw: Boomerang         ||     7
  Use: Scroll            ||     4
Armor: Leather armour    ||    20
Dodge: Dodged            ||    46

Table legend:
 A = Non-vault XP
 B = Vault XP
 C = Vault XP percentage of total XP
 D = Non-vault monster count
 E = Vault monster count
 F = Vault count percentage of total count
                 A         B        C        D         E       F
            +---------+---------+-------+---------+---------+-------
      Total |      73 |       0 |   0.0 |      29 |       0 |   0.0
            +---------+---------+-------+---------+---------+-------
        D:1 |      60 |       0 |   0.0 |      28 |       0 |   0.0
        D:2 |      13 |       0 |   0.0 |       1 |       0 |   0.0
            +---------+---------+-------+---------+---------+-------
